AoeStats
← Sir Leonhart

MegaRandom

510146892Analyzed
4v4 RM · 2d ago on Sep 29, 2026· 91m 8s· 8 players
Game mode
Random Map
Map size
Large (8 player)
Population
200
Speed
Normal
Resources
Standard
Victory
Conquest
Starting age
Dark Age
Ending age
Imperial Age
RankedLock teamsTeams togetherTeam positionsShared explorationLock speedFull tech treeHidden civsTurbo modeCheats
Victory
Defeat
🇩🇪 Danes · Germany
831
+12
🇪🇸 Koreans · Spain
827
+12
🇬🇧 Spanish · United Kingdom
780
+14
🇨🇳 Wu · China
743
+17
🇧🇷 Inca · Brazil
808
-16
🇪🇸 Chinese · Spain
742
-14
🇨🇭 Persians · Switzerland
724
-13
🇨🇭 Lithuanians · Switzerland
711
-12
madnessss86
0:50 Loom
16:50 Feudal Age
26:12 Castle Age
25:28 Man-at-Arms
26:15 Horse Collar
26:28 Double-Bit Axe
27:23 Squires
27:09 Gambesons
27:05 Long Swordsman
28:06 Town Watch
30:54 Husbandry
31:06 Bloodlines
33:52 Heavy Plow
34:54 Bow Saw
36:14 Forging
36:11 Scale Barding Armor
36:10 Scale Mail Armor
41:45 Imperial Age
40:14 Caravan
41:36 Gold Mining
42:12 Chain Barding Armor
42:27 Iron Casting
42:08 Chain Mail Armor
44:57 Conscription
44:18 Elite War Elephant
48:22 Crop Rotation
49:02 Plate Mail Armor
53:26 Blast Furnace
53:04 Plate Barding Armor
77:06 Pikeman
83:12 Coinage
84:24 Banking
91:55 Two-Man Saw
theilor.taiariol
13:45 Feudal Age
17:12 Double-Bit Axe
18:24 Gold Mining
24:36 Castle Age
22:26 Champi Runner
23:10 Horse Collar
23:54 Loom
27:10 Caravan
27:15 Squires
29:25 Champi Warrior
40:31 Imperial Age
40:05 Scale Mail Armor
41:49 Elite Champi Warrior
42:50 Chain Mail Armor
42:45 Forging
Khirs
1:05 Loom
12:12 Feudal Age
13:17 Double-Bit Axe
13:52 Horse Collar
21:12 Castle Age
20:01 Stone Mining
20:46 Fletching
22:06 Forging
22:44 Stone Shaft Mining
23:09 Pikeman
25:11 Heavy Plow
25:58 Bow Saw
27:56 Bodkin Arrow
30:21 Gold Mining
34:31 Ballistics
36:45 Imperial Age
36:23 Great Wall
37:52 Wheelbarrow
37:28 Padded Archer Armor
37:55 Rocketry
39:08 Chemistry
38:24 Bracer
39:33 Hand Cart
40:33 Masonry
40:19 Murder Holes
40:11 Arrowslits
40:08 Halberdier
41:02 Elite Chu Ko Nu
42:03 Conscription
42:50 Leather Archer Armor
42:44 Thumb Ring
44:27 Ring Archer Armor
45:01 Medium Warships
46:13 Architecture
45:54 Fortified Wall
47:06 Scale Mail Armor
47:42 Iron Casting
49:40 Bombard Tower
56:35 Heavy Warships
56:45 Siphons
61:56 Scale Mail Armor
65:01 Chain Mail Armor
67:06 Iron Casting
68:54 Plate Mail Armor
70:49 Blast Furnace
72:34 Man-at-Arms
73:17 Long Swordsman
74:03 Two-Handed Swordsman
74:56 Capped Ram
86:07 Heavy Rocket Cart
MuchJaguar3116
0:35 Loom
14:11 Feudal Age
15:23 Double-Bit Axe
16:04 Horse Collar
17:10 Fishing Lines
22:51 Castle Age
20:55 Scale Mail Armor
20:46 Fletching
21:06 Forging
20:51 Stone Mining
20:53 Gold Mining
21:11 Scale Barding Armor
21:06 Padded Archer Armor
23:49 Bow Saw
26:47 Heavy Plow
28:15 Fervor
29:04 Stone Shaft Mining
28:57 Treadmill Crane
29:30 Masonry
29:43 Ballistics
29:49 Bloodlines
29:47 Husbandry
33:34 Light Cavalry
35:35 Caravan
39:22 Imperial Age
37:31 Wheelbarrow
36:43 Town Watch
37:41 Murder Holes
37:57 Fortified Wall
37:37 Heated Shot
37:50 Town Patrol
38:17 Chain Barding Armor
38:18 Leather Archer Armor
38:10 Arson
38:28 Squires
38:56 Medium Warships
38:08 Demolition Ship
38:43 Gillnets
39:16 Chain Mail Armor
39:36 Iron Casting
39:34 Hill Forts
39:24 Winged Hussar
39:25 Cavalier
39:30 Crossbowman
39:31 Elite Skirmisher
39:35 Man-at-Arms
39:42 Pikeman
41:25 Thumb Ring
42:13 Conscription
42:58 Chemistry
42:38 Architecture
43:05 Plate Barding Armor
43:10 Heavy Warships
44:39 Bodkin Arrow
45:41 Paladin
46:21 Elite Cannon Galleon
47:16 Clinker Construction
47:17 Careening
47:26 Bracer
47:57 Ring Archer Armor
56:04 Crop Rotation
56:49 Carvel Hull
56:56 Dry Dock
63:03 Halberdier
68:23 Two-Man Saw
67:43 Elite Leitis
68:23 Tower Shields
68:24 Hill Forts
69:00 Hoardings
70:31 Hand Cart
TrakaTra
3:03 Loom
12:04 Feudal Age
15:25 Double-Bit Axe
17:26 Fishing Lines
17:57 Fletching
20:19 Forging
24:48 Castle Age
24:49 Horse Collar
25:05 Gold Mining
25:06 Stone Mining
26:51 Crossbowman
27:04 Pikeman
27:44 Squires
27:30 Arson
28:49 Bow Saw
31:08 Thumb Ring
34:52 Heavy Plow
35:32 Gold Shaft Mining
36:32 Wheelbarrow
38:23 Stone Shaft Mining
40:49 Imperial Age
38:35 Hand Cart
39:20 Caravan
39:51 Coinage
40:03 Hand Cart
40:06 Forging
41:23 Eupseong
42:30 Banking
42:27 Guilds
42:09 Arbalester
42:32 Elite War Wagon
44:43 Husbandry
44:05 Light Cavalry
44:06 Cavalier
45:22 Town Watch
45:27 Arrowslits
46:03 Ballistics
46:01 Scale Barding Armor
45:56 Scale Mail Armor
46:26 Halberdier
51:46 Town Patrol
72:42 Elite Turtle Ship
76:15 Iron Casting
75:35 Bodkin Arrow
76:51 Chemistry
78:40 Bracer
80:27 Two-Man Saw
82:15 Shipwright
81:46 Heated Shot
82:14 Chain Mail Armor
82:20 Chain Barding Armor
81:29 Elite Fire Lancer
81:44 Elite Fire Lancer
86:29 Plate Mail Armor
90:21 Shinkichon
Sir Leonhart
13:24 Feudal Age
15:42 Double-Bit Axe
23:03 Castle Age
21:20 Fishing Lines
21:25 Horse Collar
21:37 Gold Mining
21:41 Stone Mining
22:48 Fletching
24:58 Bodkin Arrow
26:24 Bow Saw
28:50 Gillnets
29:38 Wheelbarrow
29:34 Ballistics
29:28 Careening
31:21 Gold Shaft Mining
35:04 Imperial Age
33:07 Hand Cart
33:23 Hand Cart
34:38 Caravan
35:36 Elite Longship
41:49 Chemistry
40:57 Siege Engineers
41:54 Bracer
42:09 Northmen's Fury
50:24 Elite Jomsviking
51:29 Conscription
52:38 Squires
52:24 Gambesons
52:25 Arson
52:44 Arson
53:11 Scale Mail Armor
53:21 Forging
54:25 Chain Mail Armor
56:17 Plate Mail Armor
56:23 Iron Casting
55:13 Hamask
67:23 Elite Varangian Guard
Thermic_Marlin
10:18 Feudal Age
11:06 Double-Bit Axe
15:40 Fishing Lines
20:09 Castle Age
19:14 Gold Mining
22:00 Gillnets
26:38 Wheelbarrow
28:00 Hand Cart
29:02 Bow Saw
32:39 Imperial Age
30:30 Siphons
30:51 Clinker Construction
30:54 Careening
31:23 Caravan
34:53 Chemistry
36:43 Dry Dock
36:43 Carvel Hull
37:19 Shipwright
36:40 Elite Cannon Galleon
38:58 Town Watch
38:59 Loom
39:50 Fortified Wall
40:03 Ballistics
39:31 Arrowslits
39:36 Guard Tower
46:23 Town Patrol
50:06 Horse Collar
51:44 Forging
51:39 Scale Barding Armor
52:25 Cavalier
53:05 Husbandry
53:16 Bloodlines
53:42 Iron Casting
53:30 Chain Barding Armor
54:20 Paladin
57:03 Blast Furnace
56:38 Plate Barding Armor
62:00 Two-Man Saw
79:34 Heavy Plow
83:12 Coinage
82:52 Guilds
GMTY0712
8:18 Loom
11:39 Feudal Age
12:42 Horse Collar
14:03 Double-Bit Axe
21:27 Arson
21:59 Forging
21:49 Scale Mail Armor
21:46 Fletching
21:53 Gold Mining
21:53 Stone Mining
25:29 Castle Age
27:04 Heavy Plow
34:41 Bow Saw
38:04 Wheelbarrow
37:15 Town Watch
38:12 Wheelbarrow
37:22 Town Watch
40:23 Imperial Age
37:36 Treadmill Crane
38:06 Masonry
38:17 Ballistics
37:52 Murder Holes
38:27 Town Patrol
41:11 Stone Shaft Mining
41:11 Gold Shaft Mining
40:34 Guard Tower
40:45 Bodkin Arrow
40:50 Padded Archer Armor
41:06 Chain Mail Armor
41:26 Iron Casting
40:16 Pikeman
40:57 Squires
42:18 Medium Warships
41:37 Demolition Ship
43:37 Hand Cart
42:51 Halberdier
43:51 Bracer
44:07 Leather Archer Armor
44:24 Plate Mail Armor
46:57 Blast Furnace
46:03 Scale Barding Armor
46:29 Architecture
47:00 Chemistry
46:36 Keep
46:15 Caravan
49:24 Two-Man Saw
48:24 Heated Shot
48:41 Siphons
48:49 Clinker Construction
49:32 Heavy Warships
49:47 Chain Barding Armor
49:50 Man-at-Arms
53:38 Long Swordsman
54:56 Plate Barding Armor
56:16 Carvel Hull
59:51 Coinage
59:31 Guilds
61:05 Heavy Demolition Ship
64:14 Two-Handed Swordsman
65:48 Conscription
65:29 Sitting Tiger
65:29 Red Cliffs Tactics
64:50 Elite Fire Archer
65:02 Champion
68:23 Banking
80:09 Heavy Hei Guang Cavalry
80:09 Light Cavalry
81:00 Bloodlines
80:51 Husbandry
81:45 Hussar
82:28 Herbal Medicine
83:09 Theocracy
82:35 Devotion
82:45 Redemption
82:36 Atonement
83:01 Illumination
82:47 Fervor
82:58 Sanctity
87:49 Faith
90:07 Fishing Lines
Connection lost

Rejoining the realm…

Still unreachable

The connection could not be restored.

Session expired

The server has moved on; the page needs a fresh start.